Map: Cyber Forest LE

Players

Bly - Winner!

  • Race: Zerg Zerg
  • Spawn Location: 11:00

DIMAGA

  • Race: Zerg Zerg
  • Spawn Location: 5:00

Event: 2019 WCS Spring

VOD

Have the link to the VOD?

Description

Time

  • Played on: May 17, 2019, 11:44 a.m.
  • Length: 8:21

All games in this series

Show
View Real Time Build Order
Export as new Build Order

Bly Zerg - Winner!

Build Orders: Hatch First 

Get SALT Encoding   

  12  0:02  Drone  
  13  0:13  Overlord  
  13  0:17  Drone  
  14  0:31  Drone x2  
  16  0:49  Hatchery  
  15  0:52  Drone  
  16  1:06  Spawning Pool  
  16  1:10  Drone  
  16  1:13  Drone  
  17  1:20  Drone  
  17  1:24  Extractor  
  17  1:30  Drone  
  18  1:53  Zergling x6  
  21  1:56  Queen  
  21  1:57  Extractor  
  23  2:02  Queen  
  23  2:05  Zergling x2  
  26  2:19  Drone x2  
  27  2:24  Drone  
  28  2:45  Overlord  
  28  2:46  Overlord  
  28  2:54  Overlord  
  28  3:04  Drone x4  
  31  3:09  Drone  
  31  3:18  Drone  
  31  3:19  Drone x5  
  37  3:25  Overlord  
  37  3:32  Overlord  
  37  3:37  Drone x2  
  38  3:44  Extractor  
  37  3:52  Drone x2  
  37  3:55  Drone x3  
  41  4:00  Extractor, Drone x3  
  44  4:10  Drone x2  
  44  4:11  Drone  
  44  4:15  Lair  
  46  4:20  Overlord  
  46  4:22  Overlord  
  46  4:24  Overlord  
  46  4:26  Drone x2  
  46  4:28  Metabolic Boost  
  47  4:33  Evolution Chamber  
  47  4:36  Roach Warren  
  45  4:47  Drone x2  
  45  4:51  Drone x2  
  49  5:01  Hatchery, Zerg Missile Weapons Level 1  
  48  5:07  Evolution Chamber  
  47  5:16  Zergling x16  
  47  5:18  Glial Reconstitution  
  55  5:24  Queen  
  55  5:25  Overseer  
  57  5:30  Overlord  
  57  5:35  Overlord  
  57  5:53  Hatchery  
  55  6:01  Roach x11  
  76  6:12  Roach x4  
  84  6:19  Nydus Network  
  84  6:20  Roach  
  84  6:22  Ravager  
  84  6:23  Ravager  
  78  6:34  Roach x5  
  78  6:39  Roach  
  82  6:46  Drone x4  
  78  6:57  Roach x2  
  82  7:01  Nydus Canal  
  82  7:05  Roach x2  
  86  7:09  Roach x3  
  86  7:10  Roach  
  94  7:15  Nydus Canal  
  94  7:29  Nydus Canal  
  94  7:30  Roach x6  
  94  7:36  Extractor  
  103  7:45  Roach  
  103  7:46  Roach x4  
  105  7:57  Nydus Canal  
  105  7:59  Roach x3  
  105  8:00  Overlord  
Show
View Real Time Build Order
Export as new Build Order

DIMAGA Zerg 

Build Orders: Pool First 

Get SALT Encoding   

  12  0:17  Spawning Pool  
  11  0:22  Drone  
  11  0:27  Drone  
  13  0:32  Drone  
  14  0:40  Overlord  
  14  1:04  Zergling x4  
  14  1:05  Zergling x2  
  17  1:15  Zergling x2  
  18  1:22  Hatchery  
  17  1:26  Zergling x2  
  18  1:37  Zergling x2  
  18  1:38  Queen  
  21  1:47  Overlord  
  21  1:58  Drone  
  22  2:09  Drone  
  23  2:16  Queen  
  24  2:24  Drone  
  25  2:33  Drone  
  26  2:37  Drone  
  26  2:42  Queen  
  28  2:47  Drone x5  
  33  2:52  Extractor  
  33  2:53  Extractor  
  31  3:01  Drone x2  
  32  3:07  Drone  
  32  3:08  Overlord  
  30  3:23  Drone x5  
  35  3:28  Overlord  
  35  3:31  Drone x2  
  37  3:38  Evolution Chamber  
  36  3:42  Drone  
  37  3:52  Drone x2  
  37  3:58  Lair  
  37  4:00  Drone x3  
  40  4:07  Zerg Missile Weapons Level 1  
  40  4:10  Drone x2  
  42  4:18  Roach Warren  
  42  4:22  Drone  
  42  4:23  Drone  
  43  4:25  Extractor  
  43  4:30  Zergling x2  
  43  4:31  Zergling x2  
  44  4:33  Drone x3  
  47  4:46  Hatchery  
  47  4:50  Drone x2  
  47  4:51  Drone  
  49  4:57  Glial Reconstitution  
  49  5:03  Roach  
  49  5:04  Overlord  
  51  5:08  Overlord  
  51  5:09  Overlord  
  51  5:12  Overlord  
  51  5:26  Roach x4  
  59  5:31  Roach x3  
  65  5:42  Roach x4  
  72  5:45  Roach  
  72  5:46  Roach  
  76  5:55  Roach x4  
  83  6:03  Roach  
  83  6:04  Roach x2  
  89  6:14  Roach  
  89  6:15  Overlord  
  89  6:16  Overlord  
  89  6:18  Evolution Chamber  
  71  6:45  Roach x9  
  85  6:48  Extractor  
  78  7:03  Hatchery  
  78  7:08  Ravager x2  
  79  7:10  Ravager  
  79  7:11  Ravager  
  79  7:13  Drone x3  
  79  7:14  Drone x2  
  84  7:24  Roach x4  
  87  7:34  Roach x2  
  87  7:46  Roach x4  
  89  7:55  Roach x2  
Tags
 
Add a new tag
Caveats
  • Supply blocks, unpowered buildings, or Contaminate may cause inaccurate times.
  • Supply counts are checked every 10 seconds.